 Dungeon Crawl Stone Soup version 0.30.1-9-gdf580d7c3d (webtiles) character file.

Game seed: 5876239072216873127

1202 jagang the Slasher (level 8, -1/62 HPs)
             Began as a Human Fighter on Sept 26, 2023.
             Killed by divine providence
             ... invoked by an orc priest
              (8 damage)
             ... on level 5 of the Dungeon.
             The game lasted 00:14:15 (4028 turns).

jagang the Slasher (Human Fighter)                  Turns: 4028, Time: 00:14:16

Health: -1/62      AC: 11    Str: 18    XL:     8   Next: 73%
Magic:  17/17      EV:  7    Int: 14    God:
Gold:   7          SH:  5    Dex: 14    Spells: 7/7 levels left

rFire   . . .        a - +0 long sword
rCold   . . .        c - +0 buckler
rNeg    . . .        h - +0 chain mail
rPois   .            t - +0 helmet
rElec   .            (no cloak)
rCorr   .            (no gloves)
SInv    .            (no boots)
Will    .....        (no amulet) Stlth
                     b - ring of magical power
HPRegen 0.30/turn    q - +6 ring of intelligence
MPRegen 0.15/turn

%: no passive effects
@: mighty
A: no striking features
a: no special abilities


You were on level 5 of the Dungeon.
You visited 2 branches of the dungeon, and saw 6 of its levels.

You collected 163 gold pieces.
You spent 156 gold pieces at shops.

Inventory:

Hand Weapons
 a - a +0 long sword (weapon)
 j - a +3 antimagic dagger
Armour
 c - a +0 buckler (worn)
 h - a +0 chain mail (worn)
 t - a +0 helmet (worn)
Jewellery
 b - a ring of magical power (left hand)
 q - a +6 ring of intelligence (right hand)
 u - a ring of magical power
Scrolls
 f - a scroll of fog
 i - a scroll of enchant weapon {unknown}
 m - a scroll of immolation
 o - a scroll of noise
 r - a scroll of poison
 s - a scroll of enchant armour {unknown}
 v - a scroll of summoning {unknown}
 w - a scroll of teleportation
Potions
 g - a potion of haste {unknown}
 k - a potion of curing
 l - a potion of attraction {unknown}
 n - a potion of flight
 p - a potion of berserk rage {unknown}


   Skills:
 + Level 5.3 Fighting
 * Level 6.5 Long Blades
 + Level 5.2 Armour
 + Level 5.2 Shields


You had 7 spell levels left.
You didn't know any spells.
Your spell library contained the following spells:

 Spells                   Type           Power      Damage    Failure   Level
 Vhi's Electric Charge    Tloc/Air       0%         N/A       100%        3
 Arcjolt                  Conj/Air       0%         1d10      100%        5
 Maxwell's Capacitive Co  Air            0%         ∞         100%        8


Dungeon Overview and Level Annotations

Branches:
Dungeon (5/15)             Temple (1/1) D:5

Altars:
Cheibriados
Elyvilon
Gozag
Hepliaklqana
Kikubaaqudgha
Makhleb
Nemelex Xobeh
Okawaru
Ru
Sif Muna
Trog
Zin

Shops:
D:1 (   D:4 ?*(

Annotations:
D:4 1 runed translucent door, LynnLen's ghost, amateur SpEn
D:5 Eustachio


Message History

The orc wizard hits you but does no damage.
The bat hits you but does no damage. The orc barely misses you.
The quasit bites you but does no damage.
The quasit barely misses you.
The quasit claws you but does no damage.
You hit the orc wizard.
The orc wizard is moderately wounded.
The bat completely misses you. The quasit barely misses you.
The quasit claws you but does no damage. x2
The orc wizard mumbles some strange words.
The orc wizard flickers and vanishes!
Deactivating autopickup; reactivate with Ctrl-A.
The orc barely misses you.
You slash something!
The quasit disappears in a puff of smoke!
The bat hits you but does no damage.
You hear some strange, mumbled words.
A magic dart appears from out of thin air!
The magic dart hits you.
* * * LOW HITPOINT WARNING * * *
The orc hits you but does no damage.
You slash something!
Reactivating autopickup.
You feel a bit more experienced. The orc barely misses you.
Eustachio gestures wildly while chanting.
Eustachio blinks!
The bat hits you but does no damage.
You barely miss the orc priest. You block the bat's attack.
The orc hits you but does no damage. The orc closely misses you.
The orc priest hits you with a +0 falchion.
* * * LOW HITPOINT WARNING * * *
You closely miss the orc priest. The bat closely misses you.
The orc hits you from afar with a +0 trident.
* * * LOW HITPOINT WARNING * * *
The orc priest hits you but does no damage.
You block the orc's attack.
You barely miss the orc priest. The bat hits you but does no damage.
You block the orc's attack. x3
The orc priest invokes the aid of Beogh against you.
Beogh smites you!
You die...

..#. #.. .... #.. #..
#.... #.. #.... #.# ###
... #)# ....
##'#+#o######. #####+#+###
#...o.o.......
..........###..b@.##......
###.......##....).# ......
###..>...........## ..[..
#................# [...!
#.....#'#......#.# #...
#...).#.#......#.# ... #..
###'#.#.######.#.# #..
###.#.#.######.#[# #.#
).).#.#........#.#### #.#


You could see an orc priest, 2 orcs and a bat (summoned).

Vanquished Creatures
  Pikel (D:5)
  A black bear (D:5)
  2 ogres (D:5)
  A phantom (D:5)
  A scorpion (D:4)
  2 hounds
  An orc priest (D:4)
  2 orc wizards
  A gnoll (D:1)
  7 adders
  3 ufetubi
  2 worms
  3 dart slugs
  10 orcs
  5 endoplasms
  4 giant cockroaches
  12 goblins
  4 hobgoblins
  5 jackals
  9 kobolds
  5 quokkas
  4 ball pythons
  7 bats
  2 frilled lizards (D:1)
  5 rats
99 creatures vanquished.

Notes
Turn   | Place    | Note
-------+----------+-------------------------------------------
     0 | D:1      | jagang the Human Fighter began the quest for the Orb.
     0 | D:1      | Reached XP level 1. HP: 18/18 MP: 1/1
    74 | D:1      | Reached XP level 2. HP: 11/24 MP: 2/2
   431 | D:1      | Reached XP level 3. HP: 27/29 MP: 3/3
   867 | D:1      | Found Ciytozing's Weapon Shop.
  1060 | D:2      | Reached XP level 4. HP: 33/35 MP: 4/4
  1142 | D:2      | Reached skill level 3 in Long Blades
  1958 | D:3      | Reached XP level 5. HP: 41/41 MP: 5/5
  2441 | D:4      | Found Esynn's Weapon Boutique.
  2673 | D:4      | Noticed LynnLen's ghost (amateur SpEn)
  2674 | D:4      | Found a runed translucent door.
  2812 | D:4      | Found Naepuasm's Magic Scroll Emporium.
  2829 | D:4      | Bought a scroll of identify for 26 gold pieces
  2829 | D:4      | Bought a scroll of teleportation for 39 gold pieces
  2829 | D:4      | Bought a scroll of identify for 26 gold pieces
  2913 | D:4      | Reached XP level 6. HP: 47/48 MP: 6/6
  3028 | D:4      | Reached skill level 4 in Long Blades
  3176 | D:4      | Found Eticrono's General Store.
  3184 | D:4      | Bought a potion of heal wounds for 65 gold pieces
  3481 | D:5      | Entered Level 5 of the Dungeon
  3565 | D:5      | Noticed an ogre
  3574 | D:5      | Killed an ogre
  3575 | D:5      | Reached XP level 7. HP: 55/55 MP: 7/7
  3599 | D:5      | Noticed Pikel
  3611 | D:5      | Killed Pikel
  3612 | D:5      | Reached skill level 5 in Fighting
  3612 | D:5      | Reached skill level 6 in Long Blades
  3612 | D:5      | Reached XP level 8. HP: 54/62 MP: 8/8
  3617 | D:5      | Reached skill level 5 in Armour
  3617 | D:5      | Reached skill level 5 in Shields
  3627 | D:5      | Found a staircase to the Ecumenical Temple.
  3668 | Temple   | Entered the Ecumenical Temple
  4004 | D:5      | Noticed Eustachio
  4028 | D:5      | Killed from afar by an orc priest

Illustrated notes

Levels and vault maps discovered:
D:1:      psy_arrival_radial02, layout_loops_ring, serial_shops,
          nicolae_shop_bloodbath_and_beyond
D:2:      layout_loops_ring
D:3:      layout_rooms, st_stairs_7
D:4:      layout_loops_corners, serial_shops, shop, nicolae_stop_n_shop_2,
          shop_fountains, hellmonk_ghost_happy_afterlife
D:5:      layout_basic, minitemple, minmay_temple_entry_antechambers,
          interstate_on_off, nicolae_shop_self_help, uniq_eustachio,
          uniq_sigmund, uniq_pikel
Temple:   hellmonk_temple_forest_ring

Skill      XL: |  1  2  3  4  5  6  7  8 |
---------------+-------------------------+-----
Long Blades    | 3 4 6 |  6.5
Fighting       | 4 5 |  5.3
Armour         | 4 5 |  5.2
Shields        | 4 5 |  5.2

Action                     |  1- 3 |  4- 6 |  7- 9 || total
---------------------------+-------+-------+-------++-------
  Melee: Long sword        |   107 |   221 |    53 ||   381
         Dagger            |       |    19 |       ||    19
  Evoke: Wand              |       |    10 |     1 ||    11
    Use: Scroll            |       |     7 |       ||     7
         Potion            |       |     2 |     4 ||     6
 Armour: Scale mail        |    49 |       |       ||    49
         Chain mail        |    14 |   152 |    57 ||   223
  Dodge: Dodged            |    63 |    73 |    37 ||   173
  Block: Buckler           |    29 |    76 |    17 ||   122
